 Dungeon Crawl Stone Soup version 0.19-a0-1732-g0b18a7b (webtiles) character file.

63 KristoblXynda the Covered (level 4, 0/39 HPs)
             Began as a Hill Orc Fighter on Sept 30, 2016.
             Slain by Crazy Yiuf
             ... wielding a +2 quarterstaff of chaos
              (4 damage)
             ... on level 2 of the Dungeon.
             The game lasted 00:02:07 (894 turns).

KristoblXynda the Covered (Hill Orc Fighter)         Turns: 894, Time: 00:02:10

Health: 0/39       AC:  8    Str: 18    XL:     4   Next: 9%
Magic:  4/4        EV:  7    Int:  9    God:
Gold:   62         SH:  0    Dex: 10    Spells: 0 memorised, 3 levels left

rFire  . . .     SeeInvis .     a - +0 war axe
rCold  . . .     Gourm    .     b - +0 scale mail
rNeg   . . .     Faith    .     c - +0 shield
rPois  .         Spirit   .     (no helmet)
rElec  .         Dismiss  .     (no cloak)
rCorr  .         Reflect  .     (no gloves)
MR     .....     Harm     .     j - +0 pair of boots
Stlth  ..........               (no amulet)
                                (no ring)
                                (no ring)

@: confused, lethally poisoned (0 -> -12)
A: no striking features
a: no special abilities


You were on level 2 of the Dungeon.
You were not hungry.

You visited 1 branch of the dungeon, and saw 2 of its levels.

You collected 62 gold pieces.

Inventory:

Hand Weapons
 a - a +0 war axe (weapon)
Armour
 b - a +0 scale mail (worn)
 c - a +0 shield (worn)
 j - a +0 pair of boots (worn)
Jewellery
 i - a +3 ring of intelligence {unknown}
 k - a cursed amulet of inaccuracy {unknown}
Scrolls
 e - 2 scrolls of remove curse {unknown}
 g - a scroll of identify {unknown}
 h - 4 scrolls of teleportation {unknown}
Potions
 d - a potion of might
 l - a potion of ambrosia
 m - a potion of cure mutation {unknown}
 n - a potion of curing {unknown}
 p - a potion of heal wounds {unknown}
Comestibles
 f - 3 bread rations
 o - 3 fruits
 q - a beef jerky


   Skills:
 - Level 3.6 Fighting
 + Level 3.8 Axes
 + Level 4.1 Armour
 + Level 4.0 Shields


You had 3 spell levels left.
You didn't know any spells.

Dungeon Overview and Level Annotations

Branches:
Dungeon (2/15)

Altars:
Ru
Uskayaw

Annotations:
D:2 Crazy Yiuf


Message History

You closely miss Crazy Yiuf.
Crazy Yiuf is almost dead.
You feel sick.
Crazy Yiuf hits you with a quarterstaff of chaos.
You are more poisoned.
You hit Crazy Yiuf.
Crazy Yiuf is almost dead.
You feel sick.
Crazy Yiuf flaps his cloak.
Crazy Yiuf hits you with a quarterstaff of chaos.
* * * LOW HITPOINT WARNING * * *
Crazy Yiuf burns you.
* * * LOW HITPOINT WARNING * * *
It was a potion of ambrosia.
You are confused.
You feel invigorated.
You feel sick.
Crazy Yiuf hits you with a quarterstaff of chaos!
* * * LOW HITPOINT WARNING * * *
Crazy Yiuf freezes you.
You die...

.# #.# #.#
#. .# #.#
#.# #. .#
#.# ### #.
.# ######.#
#. .#
#...##.#
##### #. .#
#......#
#..)# #. ##
#...####
#...# #. #
##.## #.g.#
#.
#####.######
#@# #)
...........#
♣♣.♣ #.
...........#
♣.♣♣ #.
..###.###..#
♣♣.♣ ####.
...##.# ##
♣.♣♣ #....
#..##.#
♣♣.♣♣ #.#..
#..##.#
♣...♣♣ #.#.#
...##.#
♣....♣ #.#.#
##.# .#
##..## #.#.#


You could see Crazy Yiuf.

Vanquished Creatures
  2 adders (D:2)
  An ooze (D:1)
  A worm (D:2)
  3 dart slugs (D:1)
  A leopard gecko (D:1)
  2 goblins
  5 hobgoblins
  2 jackals (D:1)
  4 bats
  4 frilled lizards
  5 kobolds (D:1)
  2 rats
32 creatures vanquished.

Notes
Turn   | Place    | Note
-------+----------+-------------------------------------------
     0 | D:1      | KristoblXynda the Hill Orc Fighter began the quest for the Orb.
     0 | D:1      | Reached XP level 1. HP: 19/19 MP: 1/1
    54 | D:1      | Reached XP level 2. HP: 25/26 MP: 2/2
   287 | D:1      | Reached XP level 3. HP: 28/31 MP: 3/3
   694 | D:2      | Reached XP level 4. HP: 20/39 MP: 4/4
   767 | D:2      | Found a sacrificial altar of Ru.
   773 | D:2      | Found a hide-covered altar of Uskayaw.
   876 | D:2      | Found a runed door.
   880 | D:2      | Noticed Crazy Yiuf
   894 | D:2      | Slain by Crazy Yiuf

Vault maps used:
D:1:      lemuel_arrival_rhombus, kennysheep_pointless_box,
          minmay_stone_trees_small
D:2:      overflow_temple_1_default, eat_drink_and_be_merry_uskayaw,
          uniq_crazy_yiuf_cottage

Skill      XL: |  1  2  3 |
---------------+----------+-----
Axes           | 3 |  3.8
Armour         | 4 |  4.1
Shields        | 4 |  4.0
Fighting       | |  3.6

Action                   |  1- 3 |  4- 6 || total
-------------------------+-------+-------++-------
Melee: War axe           |    92 |    25 ||   117
  Use: Potion            |       |     1 ||     1
Armor: Scale mail        |    64 |     4 ||    68
Dodge: Dodged            |    33 |     8 ||    41
Block: Shield            |    72 |    10 ||    82
